 Dungeon Crawl Stone Soup version 0.26-a0-663-g36e8fdb655 (webtiles) character file.

Game seed: 12385285280764496470

153 marklar909 the Digger (level 5, -7/37 HPs)
             Began as a Formicid Earth Elementalist on Oct 12, 2020.
             Killed by divine providence
             ... invoked by an orc priest
              (15 damage)
             ... on level 3 of the Dungeon.
             The game lasted 00:05:04 (3171 turns).

marklar909 the Digger (Formicid Earth Elementalist) Turns: 3171, Time: 00:05:04

Health: -7/37      AC:  2    Str: 14    XL:     5   Next: 61%
Magic:  6/9        EV: 12    Int: 14    God:
Gold:   131        SH:  0    Dex: 11    Spells: 5/9 levels left

rFire    . . .     SeeInvis +   h - +1 mace
rCold    . . .     Faith    .   (no shield)
rNeg     . . .     Spirit   .   c - +0 robe
rPois    .         Reflect  .   (helmet unavailable)
rElec    .         Harm     .   (no cloak)
rCorr    .         Rampage  .   (no gloves)
MR       .....                  (no boots)
Stlth    ++........             (no amulet)
HPRegen  0.12/turn              (no ring)
MPRegen  0.11/turn              (no ring)

@: no status effects
A: permanent stasis, dig shafts and tunnels, four strong arms, antennae 3
a: Dig, Shaft Self


You were on level 3 of the Dungeon.
You visited 1 branch of the dungeon, and saw 3 of its levels.

You collected 131 gold pieces.

Inventory:

Hand Weapons
 h - a +1 mace (weapon)
Missiles
 b - 50 stones (quivered)
Armour
 c - a +0 robe (worn)
Scrolls
 a - a scroll of amnesia {unknown}
 k - 2 scrolls of remove curse
 n - a scroll of identify {unknown}
Potions
 d - 3 potions of curing {unknown}
 e - a potion of resistance {unknown}
 f - a potion of flight {unknown}
 g - a potion of heal wounds {unknown}
 i - a potion of degeneration {unknown}
 j - a potion of magic {unknown}
 l - a potion of mutation {unknown}
 m - a potion of might {unknown}


   Skills:
 * Level 1.1 Fighting
 * Level 1.0 Maces & Flails
 * Level 2.3 Dodging
 + Level 2.5 Stealth
 + Level 2.9 Spellcasting
 * Level 0.7 Conjurations
   Level 1.1 Transmutations
 * Level 5.6 Earth Magic


You had 5 spell levels left.
You knew the following spells:

 Your Spells              Type           Power        Failure   Level
a - Sandblast             Erth           ###...       2%          1
b - Stone Arrow           Conj/Erth      ##....       17%         3

Your spell library contained the following spells:

 Spells                   Type           Power        Failure   Level
 Passwall                 Tmut/Erth      ##......     9%          2
 Petrify                  Tmut/Erth      ##......     47%         4
 Lee's Rapid Deconstruct  Erth           ###.......   52%         5


Dungeon Overview and Level Annotations

Branches:
Dungeon (3/15)

Altars:
Ashenzari
Dithmenos
Qazlal
Uskayaw
Xom
The Shining One


Innate Abilities, Weirdness & Mutations

You cannot be hasted, slowed, berserked, paralysed or teleported.
You can dig through walls and to a lower floor.
Your four strong arms can wield two-handed weapons with a shield.
You have a pair of large antennae on your head. (SInv)


Message History

Aim: an orc, wielding a +1 vorpal mace and wearing a +0 ring mail The blast of sand hits the orc but does no damage.
b - 51 stones The orc hits you with a +1 vorpal mace.
The orc priest invokes the aid of Beogh against you.
Beogh smites you!
Unknown command.
Casting: Sandblast (safe; 2% risk of failure)
Confirm with . or Enter, or press ? or * to list all spells.
Aiming: Sandblast (safe; 2% risk of failure)
Press: ? - help, Shift-Dir - straight line, f/p - orc
Aim: an orc, wielding a +1 vorpal mace and wearing a +0 ring mail The blast of sand hits the orc.
The orc is severely wounded.
b - 50 stones The orc hits you with a +1 vorpal mace.
* * * LOW HITPOINT WARNING * * *
x2 The orc priest invokes the aid of Beogh against you.
Beogh smites you!
You die...

###############
#.@.......(...#
#o#####..####.#####
####o#####..#.........
#...o.........#..#.##.
#.##.#####..###..#.##.
#.##.#####.......#....
###.##.......####.####..
..#.## #.......######
#.......
..._..####.#o###.#
######.#


You could see an orc priest and 2 orcs.

Vanquished Creatures
  2 orc wizards (D:2)
  3 adders (D:2)
  An ooze (D:1)
  A worm (D:3)
  A dart slug (D:1)
  4 leopard geckos
  3 orcs
  A giant cockroach (D:2)
  4 goblins
  5 hobgoblins
  4 jackals (D:1)
  3 quokkas (D:3)
  7 bats
  5 frilled lizards
  4 kobolds
  7 rats
55 creatures vanquished.

Notes
Turn   | Place    | Note
-------+----------+-------------------------------------------
     0 | D:1      | marklar909 the Formicid Earth Elementalist began the quest
                  | for the Orb.
     0 | D:1      | Reached XP level 1. HP: 13/13 MP: 3/3
    62 | D:1      | Reached skill level 4 in Earth Magic
    75 | D:1      | Reached XP level 2. HP: 7/19 MP: 0/5
   597 | D:1      | Reached XP level 3. HP: 24/24 MP: 4/6
  1104 | D:1      | Found a glowing golden altar of the Shining One.
  1165 | D:2      | Learned a level 3 spell: Stone Arrow
  1203 | D:2      | Found a shadowy altar of Dithmenos.
  1247 | D:2      | Found a stormy altar of Qazlal.
  1258 | D:2      | Reached XP level 4. HP: 31/31 MP: 4/7
  1314 | D:2      | Reached skill level 5 in Earth Magic
  1525 | D:2      | HP: 1/31 [hobgoblin/+0 club (3)]
  2101 | D:2      | Found a shimmering altar of Xom.
  2101 | D:2      | Found a shimmering altar of Xom.
  2103 | D:2      | Found a shimmering altar of Xom.
  2103 | D:2      | Found a shimmering altar of Xom.
  2160 | D:2      | Found a hide-covered altar of Uskayaw.
  2851 | D:3      | Found a broken altar of Ashenzari.
  3058 | D:2      | Reached skill level 1 in Fighting
  3058 | D:2      | Reached skill level 1 in Maces & Flails
  3058 | D:2      | Reached XP level 5. HP: 37/37 MP: 4/9
  3171 | D:3      | Killed from afar by an orc priest

Illustrated notes

Levels and vault maps discovered:
D:1:      dpeg_arrival_lava_altar, layout_loops_cross, chequers_garden
D:2:      layout_rooms, eat_drink_and_be_merry_uskayaw,
          grunt_temple_overflow_open, xom_redecorated
D:3:      layout_loops_cross, ashenzari_altar_1, gammafunk_ghost_grave

Skill      XL: |  1  2  3  4 |
---------------+-------------+-----
Earth Magic    | 4 5 |  5.6
Dodging        | 2 |  2.3
Fighting       | 1 |  1.1
Maces & Flails | 1 |  1.0
Stealth        | |  2.5
Spellcasting   | |  2.9
Conjurations   | |  0.7
Transmutations | |  1.1

Action                   |  1- 3 |  4- 6 || total
-------------------------+-------+-------++-------
Melee: Club              |     8 |       ||     8
       Mace              |       |    16 ||    16
 Cast: Sandblast         |    32 |    77 ||   109
  Use: Scroll            |     2 |       ||     2
 Stab: Sleeping          |     1 |       ||     1
Armor: Robe              |     7 |     5 ||    12
Dodge: Dodged            |    24 |    29 ||    53

Table legend: (Time is in decaauts)
 A = Elapsed time spent in this place.
 B = Non-inter-level travel time spent in this place.
 C = Inter-level travel time spent in this place.
 D = Time resting spent in this place.
 E = Time spent auto-exploring this place.
 F = Levels seen in this place.
 G = Mean time per level.
                   A        B        C        D        E       F      G
               +--------+--------+--------+--------+--------+-----+--------+
         Total |   3182 |   3128 |     54 |   1177 |   1438 |   3 | 1060.7 |
       Dungeon |   3182 |   3128 |     54 |   1177 |   1438 |   3 | 1060.7 |
               +--------+--------+--------+--------+--------+-----+--------+

Top non-repeatable levels by time:
     D:1: 1450 daAuts
     D:2: 1366 daAuts
     D:3: 365 daAuts
